 Dungeon Crawl Stone Soup version 0.17.2-1-ge4368a0 (webtiles) character file.

148 ololoev the Chopper (level 5, 0/61 HPs)
             Began as a Demonspawn Berserker on July 29, 2016.
             Was a Follower of Trog.
             Succumbed to a worker ant's poison
             ... on level 5 of the Dungeon.
             The game lasted 00:02:23 (146 turns).

ololoev the Chopper (Demonspawn Berserker)           Turns: 146, Time: 00:02:23

Health: 0/61       AC:  4    Str: 23    XL:     5   Next: 8%
Magic:  5/5        EV: 12    Int:  9    God:    Trog [*.....]
Gold:   20         SH:  0    Dex: 12    Spells: 0 memorised, 4 levels left

rFire  . . .     SeeInvis .     a - +0 hand axe
rCold  . . .     Clarity  .     b - +0 animal skin
rNeg   . . .     SustAt   .     (no shield)
rPois  .         Gourm    .     (no helmet)
rElec  .         Spirit   .     (no cloak)
rCorr  .         Warding  .     (no gloves)
rMut   .         Stasis   .     (no boots)
MR     .....                    (no amulet)
Stlth  ..........               (no ring)
                                (no ring)

@: berserking, lethally poisoned (0 -> -3), very quick, not resistant to hostile
enchantments, extremely unstealthy
A: thin metallic scales 1
a: Berserk, Burn Spellbooks, Renounce Religion


Innate Abilities, Weirdness & Mutations

You are partially covered in thin metallic scales (AC +2).

Inventory:

Hand Weapons
 a - a +0 hand axe (weapon)
Armour
 b - a +0 animal skin (worn)
Comestibles
 c - a bread ration


   Skills:
 + Level 3.6 Fighting
 * Level 3.9 Axes
 + Level 2.7 Armour
 + Level 2.6 Dodging


You had 4 spell levels left.
You didn't know any spells.


You were on level 5 of the Dungeon.
You worshipped Trog.
Trog was aware of your devotion.
You were not hungry.

You visited 1 branch of the dungeon, and saw 5 of its levels.

You collected 20 gold pieces.

###.......###
##.......(.#
#....######
##..## #..#
#.(# #..###
##(...###
#@......?.
#...).....####
#.....#####
##...## #....
#.... #...#
....

Notes
Turn   | Place    | Note
--------------------------------------------------------------
     0 | D:1      | ololoev the Demonspawn Berserker began the quest for the Orb.
     0 | D:1      | Reached XP level 1. HP: 18/18 MP: 1/1
    43 | D:2      | Gained mutation: You are partially covered in thin metallic scales (AC +2). [demonic ancestry]
    43 | D:2      | Reached XP level 2. HP: 24/24 MP: 2/2
    85 | D:5      | Entered Level 5 of the Dungeon
    98 | D:5      | Reached XP level 3. HP: 19/29 MP: 3/3
   137 | D:5      | Noticed a centaur
   143 | D:5      | HP: 2/43 [worker ant (7)]
   145 | D:5      | Killed a centaur
   145 | D:5      | Reached XP level 4. HP: 1/36 MP: 4/4
   145 | D:5      | Reached XP level 5. HP: 1/41 MP: 5/5
   146 | D:5      | Succumbed to a worker ant's poison

Dungeon Overview and Level Annotations

Branches:
Dungeon (5/15)
 Temple: D:4-7

Altars:


Message History

You feel yourself moving faster!
You feel mighty!
You feel somewhat more hungry. The centaur hits you.
The worker ant completely misses you.
You completely miss the centaur. You hit the worker ant.
The worker ant is lightly wounded.
The centaur hits you.
The worker ant bites you but does no damage.
Unknown command.
You hit the centaur.
The centaur is lightly wounded.
You slash the worker ant!
The worker ant is severely wounded.
The centaur closely misses you. The worker ant bites you.
You are poisoned.
The worker ant poisons you!
You slash the centaur!
The centaur is heavily wounded.
You barely miss the worker ant.
The worker ant is severely wounded.
You feel sick. The centaur closely misses you. The worker ant bites you!
The centaur closely misses you.
Unknown command.
You slash the centaur!
The centaur is almost dead.
You closely miss the worker ant.
The worker ant is severely wounded.
You feel sick. The centaur closely misses you.
The worker ant barely misses you.
Unknown command.
You slash the centaur!
You kill the centaur!
Trog accepts your kill.
You have reached level 4!
You feel clever.
You slash the worker ant!
You kill the worker ant!
Trog accepts your kill.
You have reached level 5!
You swing at nothing.
You die...

There were no monsters in sight!

Vanquished Creatures
  A centaur (D:5)
  A centaur skeleton (D:5)
  A worker ant (D:5)
  An adder (D:2)
  An orc (D:5)
  A hobgoblin (D:3)
  2 kobolds (D:1)
  A quokka zombie (D:5)
  A rat (D:1)
10 creatures vanquished.

Action                   |  1- 3 |  4- 6 || total
-------------------------+-------+-------++-------
Melee: Hand axe          |    24 |       ||    24
Invok: Berserk           |     3 |       ||     3
 Stab: Sleeping          |     1 |       ||     1

Vault maps used:
D:1:      onia_arrival_larder, hangedman_decor_opposing
D:2:      first_bread, uniq_robin
D:3:      kiku_gazebo_pond_becter, grunt_qazlal_sundering
D:4:      amethyst_overflow_temple_binary, minmay_temple_entry_junction
D:5:      grunt_temple_overflow_diamond, nrook_mini_vaults
